 Dungeon Crawl Stone Soup version 0.30.1-11-g7821555f0a (webtiles) character file.

Game seed: 1162126720796948596

6388 Ijustatesigmund the Thaumaturge (level 10, -4/53 HPs)
             Began as a Deep Elf Earth Elementalist on Dec 12, 2023.
             Was a Priest of Vehumet.
             Killed from afar by Erica (27 damage)
             ... with a lance of force
             ... on level 8 of the Dungeon.
             The game lasted 00:24:16 (10135 turns).

Ijustatesigmund the Thaumaturge (DEEE)             Turns: 10135, Time: 00:24:17

Health: -4/53      AC:  9    Str:  5    XL:     10   Next: 66%
Magic:  26/26      EV: 11    Int: 25    God:    Vehumet [***...]
Gold:   320        SH:  0    Dex: 21    Spells: 24/30 levels left

rFire   . . .        D - +1 hand crossbow (flame)
rCold   . . .        (no shield)
rNeg    . . .        a - +0 acid dragon scales
rPois   .            C - +0 helmet
rElec   .            c - +0 cloak
rCorr   +            (no gloves)
SInv    .            (no boots)
Will    +....        o - amulet of regeneration
Stlth   ++           s - +6 ring of dexterity
HPRegen 1.08/turn    q - ring of resist corrosion
MPRegen 0.20/turn

%: no passive effects
@: no status effects
A: no striking features
a: Renounce Religion


You were on level 8 of the Dungeon.
You worshipped Vehumet.
Vehumet was most pleased with you.
You visited 1 branch of the dungeon, and saw 9 of its levels.

You collected 388 gold pieces.
You spent 68 gold pieces at shops.

Inventory:

Hand Weapons
 m - the +12 pair of quick blades "Gyre" and "Gimble" {protect}
   (You acquired it on level 5 of the Dungeon)
 D - a +1 hand crossbow of flaming (weapon)
Missiles
 k - a throwing net
Armour
 a - +0 acid dragon scales (worn)
 c - a +0 cloak (worn)
 C - a +0 helmet (worn)
Jewellery
 l - a ring of see invisible
 n - a ring of flight
 o - an amulet of regeneration (around neck)
 q - a ring of resist corrosion (right hand)
 s - a +6 ring of dexterity (left hand)
 u - an amulet of the acrobat
Wands
 r - a wand of flame (34)
 v - a wand of mindburst (6)
 y - a wand of polymorph (7)
 E - a wand of paralysis (13)
 F - a wand of light (2)
Scrolls
 e - a scroll of poison
 g - a scroll of teleportation
 x - 3 scrolls of magic mapping
 B - a scroll of brand weapon
Potions
 b - a potion of magic
 d - 2 potions of brilliance
 f - 2 potions of curing
 h - 3 potions of cancellation
 i - 2 potions of might
 j - a potion of mutation
 p - a potion of invisibility
 t - 2 potions of ambrosia {unknown}
 w - 2 potions of degeneration {unknown}
 z - 2 potions of flight {unknown}
 A - 3 potions of attraction {unknown}


   Skills:
 + Level 1.9 Fighting
 - Level 2.5 Short Blades
 - Level 7.1 Ranged Weapons
 - Level 3.2 Armour
 - Level 2.4 Dodging
 - Level 2.4 Stealth
 + Level 10.8 Spellcasting
 + Level 8.3 Conjurations
 - Level 1.1 Transmutations
 - Level 3.6 Air Magic
 + Level 8.3 Earth Magic
 - Level 4.0 Poison Magic


You had 24 spell levels left.
You knew the following spells:

 Your Spells              Type           Power      Damage    Failure   Level
a - Sandblast             Erth           100%       2d20      1%          1
b - Stone Arrow           Conj/Erth      100%       3d13      1%          3
c - Poisonous Vapours     Pois/Air       64%        N/A       1%          2

Your spell library contained the following spells:

 Spells                   Type           Power      Damage    Failure   Level
 Fulminant Prism          Conj/Hex       17%        3d10      4%          4
 Passwall                 Tmut/Erth      30%        N/A       1%          2
 Dazzling Flash           Conj/Hex       68%        N/A       1%          3
 Petrify                  Tmut/Erth      37%        N/A       14%         4
 Portal Projectile        Hex/Tloc       26%        N/A       28%         3
 Tukima's Dance           Hex            13%        N/A       28%         3
 Silence                  Hex/Air        11%        N/A       77%         5
 Blade Hands              Tmut           9%         N/A       86%         5
 Agony                    Necr           13%        N/A       95%         5


Dungeon Overview and Level Annotations

Branches:
Dungeon (9/15)             Temple (0/1) D:5            Lair (0/5) D:9
    Orc (0/2) D:9

Altars:
Gozag
Hepliaklqana
Makhleb
Nemelex Xobeh
Okawaru
Qazlal
Ru
Trog
Vehumet
Yredelemnul
The Shining One

Shops:
D:3 [   D:6 ?   D:7 (

Annotations:
D:8 3 runed translucent doors, tykejmi's ghost, novice DsNe
D:9 Erica


Message History

The steam dragon is moderately wounded.
You shoot a bolt. The bolt hits the steam dragon!
The bolt burns the steam dragon.
The steam dragon is severely wounded.
Casting: Stone Arrow (safe; 1% risk of failure)
Confirm with . or Enter, or press ? or * to list all spells.
Aiming: Stone Arrow (safe; 1% risk of failure)
Press: ? - help, Shift-Dir - straight line, f/p - steam dragon
Aim: a steam dragon (severely wounded, 78% to hit)
The stone arrow hits the steam dragon!!
You kill the steam dragon!
Vehumet accepts your kill.
Found a stone staircase leading up.
Erica and an orc wizard come into view.
Erica is wielding a +3 scimitar of flaming.
Erica gestures wildly while chanting.
Erica flickers and vanishes!
Deactivating autopickup; reactivate with Ctrl-A.
You hear a shout! x2
You shoot a bolt. The bolt closely misses the orc wizard.
The orc wizard shouts!
An orc warrior comes into view. It is wielding a +0 long sword.
You shoot a bolt. The bolt barely misses the orc wizard.
An orc comes into view. It is wielding a +0 whip.
There is a stone staircase leading up here.
The orc wizard closely misses you. Something hits you! Something burns you.
You climb upwards.
Level annotation: 3 runed translucent doors, tykejmi's ghost, novice DsNe Reactivating autopickup.
There is a stone staircase leading down here.
You shoot a bolt. The bolt hits the orc wizard!
The bolt burns the orc wizard.
You kill the orc wizard!
Vehumet accepts your kill. Something hits you! Something burns you.
Deactivating autopickup; reactivate with Ctrl-A.
You hear some strange, mumbled words.
A lance of force appears from out of thin air!
The lance of force hits you!!
Ouch! That really hurt!
You die...

#...#§§§§§ #..
#.#.###### #.#
#....h.._# #..
##..###### #..
#.##§§§§§ #..
#..#§§§§§ ##. ##.#
§§§§ #.. ####)# §§§§
#.. ###..@.######
#######.
#.....{....####.##..#.
###....[...##.#.##....
##..............#....
#....###..###........
##...##...# ##..#....
######..## #...#.###
#..####..#..###
##..##..##...#.


There were no monsters in sight!

Vanquished Creatures
  2 two-headed ogres (D:9)
  Joseph (D:8)
  Prince Ribbit (D:7)
  Sigmund (D:4)
  A shadow (D:9)
  The ghost of Peloso the Shield-Bearer, an amateur MiFi (D:3)
  3 yaks (D:8)
  2 wyverns (D:9)
  2 steam dragons (D:9)
  2 wargs
  An acid dragon (D:9)
  A water moccasin (D:5)
  A black bear (D:4)
  3 orc warriors
  3 sky beasts
  2 ogres
  3 centaurs
  A kobold brigand (D:6)
  A gnoll sergeant (D:7)
  8 wights
  11 killer bees
  3 howler monkeys (D:7)
  A hound (D:5)
  4 orc priests
  A sleepcap (D:5)
  An iguana (D:5)
  Crazy Yiuf (D:2)
  Ijyb (D:3)
  4 orc wizards
  5 gnolls
  9 adders
  A white imp (D:7)
  An ufetubus (D:4)
  3 worms
  4 dart slugs
  20 orcs
  12 ball pythons
  8 endoplasms
  8 giant cockroaches
  10 hobgoblins
  2 jackals (D:1)
  13 kobolds
  5 quokkas
  3 training dummies (D:7)
  7 bats
  3 frilled lizards
  14 goblins
  11 rats
  A spectral orc (D:3)
207 creatures vanquished.

Notes
Turn   | Place    | Note
-------+----------+-------------------------------------------
     0 | D:1      | Ijustatesigmund the Deep Elf Earth Elementalist began the
                  | quest for the Orb.
     0 | D:1      | Reached XP level 1. HP: 10/10 MP: 6/6
   402 | D:1      | Reached XP level 2. HP: 16/16 MP: 6/8
   736 | D:1      | Reached skill level 1 in Fighting
   833 | D:1      | Reached XP level 3. HP: 20/20 MP: 8/10
  1235 | D:1      | Learned a level 3 spell: Stone Arrow
  1479 | D:2      | Reached skill level 4 in Spellcasting
  1586 | D:2      | Found a faded altar of an unknown god.
  1633 | D:2      | Reached skill level 1 in Conjurations
  1648 | D:2      | Reached XP level 4. HP: 25/25 MP: 8/12
  2419 | D:2      | Found a radiant altar of Vehumet.
  2425 | D:2      | Became a worshipper of Vehumet
  2462 | D:2      | Found a runed translucent door.
  2463 | D:2      | Noticed Crazy Yiuf
  2700 | D:3      | Found Bengyasyt's Armour Shop.
  2717 | D:3      | Found a sacrificial altar of Ru.
  3101 | D:3      | Noticed Ijyb
  3113 | D:3      | Killed Ijyb
  3114 | D:3      | Reached XP level 5. HP: 29/29 MP: 10/13
  3143 | D:3      | Found a runed translucent door.
  3143 | D:3      | Noticed Peloso's ghost (amateur MiFi)
  3256 | D:3      | Found an opulent altar of Gozag.
  3696 | D:3      | Reached * piety under Vehumet
  3696 | D:3      | Offered knowledge of Shock by Vehumet.
  3765 | D:3      | Found an iron altar of Okawaru.
  3801 | D:3      | Found a basalt altar of Yredelemnul.
  3930 | D:4      | Noticed a black bear
  3936 | D:4      | Killed a black bear
  3937 | D:4      | Reached skill level 5 in Spellcasting
  4119 | D:4      | Reached XP level 6. HP: 34/34 MP: 12/15
  4195 | D:4      | Noticed Sigmund
  4324 | D:4      | Killed Sigmund
  4325 | D:4      | Reached skill level 5 in Earth Magic
  4556 | D:5      | Entered Level 5 of the Dungeon
  4567 | D:5      | Noticed a water moccasin
  4574 | D:5      | Killed a water moccasin
  4575 | D:5      | Reached skill level 5 in Conjurations
  4575 | D:5      | Reached XP level 7. HP: 32/38 MP: 13/17
  4642 | D:5      | Reached skill level 6 in Spellcasting
  4705 | D:5      | Found a radiant altar of Vehumet.
  4796 | D:5      | Found a staircase to the Ecumenical Temple.
  5122 | D:5      | Found a burning altar of Makhleb.
  5143 | D:5      | Identified a scroll of acquirement
  5143 | D:5      | Acquired the +12 pair of quick blades "Gyre" and "Gimble"
                  | {protect}
  5143 | D:5      | Found the +12 pair of quick blades "Gyre" and "Gimble"
                  | {protect}
  5203 | D:5      | Found a hazy altar of Hepliaklqana.
  5343 | D:6      | Found Giub's Magic Scroll Shoppe.
  5348 | D:6      | Bought a scroll of identify for 22 gold pieces
  5348 | D:6      | Bought a scroll of noise for 11 gold pieces
  5481 | D:6      | Reached skill level 1 in Short Blades
  5908 | D:6      | Found a glowing golden altar of the Shining One.
  6039 | D:6      | Found a sparkling altar of Nemelex Xobeh.
  6044 | D:6      | Reached ** piety under Vehumet
  6045 | D:6      | Reached XP level 8. HP: 43/43 MP: 13/20
  6169 | D:7      | Offered knowledge of Poisonous Vapours by Vehumet.
  6170 | D:7      | Reached skill level 7 in Spellcasting
  6175 | D:7      | Learned a level 2 spell: Poisonous Vapours
  6180 | D:7      | Noticed Prince Ribbit
  6184 | D:7      | Killed Prince Ribbit
  6185 | D:7      | Reached skill level 1 in Air Magic
  6185 | D:7      | Reached skill level 1 in Poison Magic
  6232 | D:7      | Found Ubroogho's Firing Range.
  6254 | D:7      | Bought a +0 hand crossbow for 35 gold pieces
  6864 | D:7      | Reached skill level 1 in Ranged Weapons
  7270 | D:7      | Reached skill level 8 in Spellcasting
  7513 | D:7      | Found a bloodstained altar of Trog.
  7646 | D:8      | Reached XP level 9. HP: 47/47 MP: 23/23
  7717 | D:8      | Offered knowledge of Momentum Strike by Vehumet.
  8089 | D:8      | Reached skill level 9 in Spellcasting
  8481 | D:2      | Killed Crazy Yiuf
  8579 | D:3      | Killed Peloso's ghost
  8736 | D:8      | Reached skill level 5 in Ranged Weapons
  8806 | D:8      | Noticed Joseph
  8812 | D:8      | Killed Joseph
  8813 | D:8      | Reached skill level 1 in Armour
  8865 | D:8      | Found a stormy altar of Qazlal.
  8993 | D:8      | Found a runed translucent gate.
  8993 | D:8      | Found a runed translucent gate.
  8993 | D:8      | Found a runed translucent gate.
  8994 | D:8      | Noticed tykejmi's ghost (novice DsNe)
  9014 | D:8      | Reached *** piety under Vehumet
  9254 | D:9      | Reached XP level 10. HP: 52/52 MP: 25/25
  9351 | D:9      | Found a staircase to the Orcish Mines.
  9380 | D:8      | Reached skill level 10 in Spellcasting
  9679 | D:9      | Found a staircase to the Lair.
  9692 | D:9      | Noticed a two-headed ogre
  9696 | D:9      | Killed a two-headed ogre
  9726 | D:9      | Noticed a two-headed ogre
  9732 | D:9      | Killed a two-headed ogre
  9997 | D:9      | Offered knowledge of Fulminant Prism by Vehumet.
 10127 | D:9      | Noticed Erica
 10135 | D:8      | Killed from afar by Erica

Illustrated notes

Levels and vault maps discovered:
D:1:      beargit_arrival_diablo_church, layout_loops_cross,
          minmay_fountain_box, hangedman_decor_points, grunt_decor_one_mirror
D:2:      minmay_recursive_quarters, layout_loops_ring, basic_altar,
          shapermc_ecumenical_altar_notcrosses, uniq_crazy_yiuf_cottage
D:3:      kennysheep_the_goblin_king, layout_basic,
          hellmonk_okawaru_the_only_friend_you_need,
          yredelemnul_forgotten_temple_becter, nicolae_ru_path_of_blood,
          nicolae_gozag_cash_rules_everything_around_me, serial_shops, shop,
          gammafunk_ghost_grave, serial_rivers, chequers_serial_rivers_room_b,
          chequers_serial_rivers_micro_b, chequers_serial_rivers_small_a,
          chequers_serial_rivers_room_a, chequers_serial_rivers_small_a,
          uniq_ijyb
D:4:      layout_rooms, uniq_sigmund
D:5:      layout_loops_ring, nicolae_vehumet_radiance,
          mainiacjoe_overflow_large_starburst, minmay_temple_entry_butterflies,
          kennysheep_generic_room_8
D:6:      layout_loops_ring, nemelex_dance_club_becter,
          nicolae_tso_carved_into_rock, serial_shops,
          nicolae_shop_tiny_waterfront
D:7:      layout_layer_cave, lemuel_tele_altar, nicolae_shop_firing_range,
          uniq_prince_ribbit1
D:8:      layout_cave_pools, nicolae_qazlal_eye_of_the_storm,
          gammafunk_ghost_nasty_kobolds, uniq_joseph
D:9:      layout_gridville, lair_entry_dummy, david_orc_3, minmay_ruffians,
          uniq_erica

Skill      XL: |  1  2  3  4  5  6  7  8  9 10 |
---------------+-------------------------------+-----
Fighting       | 1 |  1.9
Earth Magic    | 4 5 6 7 8 |  8.3
Spellcasting   | 4 5 6 8 9 10 | 10.8
Conjurations   | 1 2 3 5 6 7 8 |  8.3
Short Blades   | 1 2 |  2.5
Air Magic      | 3 |  3.6
Poison Magic   | 3 4 |  4.0
Ranged Weapons | 3 6 7 |  7.1
Armour         | 2 3 |  3.2
Dodging        | |  2.4
Stealth        | |  2.4
Transmutations | |  1.1

Action                     |  1- 3 |  4- 6 |  7- 9 | 10-12 || total
---------------------------+-------+-------+-------+-------++-------
  Melee: Pair of quick bla |       |       |    31 |       ||    31
   Fire: Hand crossbow     |       |       |    83 |    31 ||   114
   Cast: Sandblast         |    64 |    70 |    28 |       ||   162
         Stone Arrow       |       |     5 |    52 |    24 ||    81
         Poisonous Vapours |       |       |     2 |     1 ||     3
  Evoke: Wand              |       |       |     1 |     2 ||     3
    Use: Scroll            |       |     5 |    21 |     1 ||    27
         Potion            |       |       |     6 |     2 ||     8
   Stab: Sleeping          |       |       |     2 |       ||     2
 Armour: Robe              |     2 |     5 |     7 |       ||    14
         Acid dragon scale |       |       |       |     4 ||     4
  Dodge: Dodged            |    15 |    14 |    53 |    24 ||   106
